 Dungeon Crawl Stone Soup version 0.21.1-1-g345015fe64 (webtiles) character file.

29 Naru the Sneak (level 3, 0/30 HPs)
             Began as a Naga Enchanter on June 19, 2018.
             Slain by an adder (3 damage)
             ... on level 2 of the Dungeon.
             The game lasted 00:02:05 (1105 turns).

Naru the Sneak (Naga Enchanter)                     Turns: 1105, Time: 00:02:06

Health: 0/30       AC:  3    Str: 10    XL:     3   Next: 16%
Magic:  5/6        EV:  9    Int: 15    God:
Gold:   41         SH:  0    Dex: 12    Spells: 5/6 levels left

rFire    + . .     SeeInvis +   m - -1 dagger (curse)
rCold    . . .     Gourm    .   (no shield)
rNeg     . . .     Faith    .   j - +1 leather armour
rPois    +         Spirit   .   (no helmet)
rElec    .         Reflect  .   (no cloak)
rCorr    .         Harm     .   (no gloves)
MR       .....                  (no barding)
Stlth    +++.......             (no amulet)
HPRegen  0.10/turn              e - ring of protection from fire
MPRegen  0.10/turn              (no ring)

@: lethally poisoned (0 -> -3), very slow
A: large, see invisible, deformed body, poison resistance, slowness 2, slow
metabolism 1, spit poison 1, AC +1
a: Spit Poison


You were on level 2 of the Dungeon.
You were not hungry.

You visited 1 branch of the dungeon, and saw 2 of its levels.

You collected 41 gold pieces.

Inventory:

Hand Weapons
 a - a +2 dagger
 m - a cursed -1 dagger (weapon)
Missiles
 b - a throwing net (quivered)
Armour
 j - a +1 leather armour (worn)
Jewellery
 e - a ring of protection from fire (left hand)
Potions
 l - a potion of haste {unknown}
Books
 c - a book of Maledictions

   Spells                             Type                      Level
   a - Corona                         Hexes                        1
   b - Ensorcelled Hibernation        Hexes/Ice                    2
   c - Confuse                        Hexes                        3
   d - Tukima's Dance                 Hexes                        3
   e - Dazzling Spray                 Conjuration/Hexes            3
Comestibles
 d - 2 rations


   Skills:
 * Level 0.8 Fighting
 * Level 1.4 Short Blades
 + Level 1.6 Dodging
 * Level 5.1 Stealth
 + Level 2.0 Spellcasting
 + Level 3.3 Hexes


You had 5 spell levels left.
You knew the following spells:

 Your Spells              Type           Power        Failure   Level  Hunger
a - Corona                Hex            ##.....      8%          1    #......


Dungeon Overview and Level Annotations

Branches:
Dungeon (2/15)

Altars:


Innate Abilities, Weirdness & Mutations

You cannot wear boots.
Your serpentine skin is tough. (AC +1)
You have supernaturally acute eyesight. (SInv)
Armour fits poorly on your strangely shaped body.
Your system is resistant to poisons. (rPois)
You cover ground very slowly.
You have a slow metabolism.
You can spit poison.


Message History

You hit the adder but do no damage. The adder bites you.
* * * LOW HITPOINT WARNING * * *
You hit the adder.
The adder is moderately wounded.
The adder closely misses you.
You closely miss the adder.
The adder is moderately wounded.
The adder closely misses you.
You completely miss the adder.
The adder is moderately wounded.
You feel sick. The adder bites you.
* * * LOW HITPOINT WARNING * * *
The adder closely misses you.
You closely miss the adder.
The adder is moderately wounded.
The adder closely misses you.
You hit the adder.
The adder is heavily wounded.
The adder bites you.
You die...

#####
#...#######
####.#.......#
#....#######.#
#.#### #.#
....#
###.#####
#.#.#
#.......#
#.#.#
#.#.###@#
..#.# #.#.#
#S# )##<# . .
#.. #g# .##.#
... ##. #.#
<...#
....##.##†#
.####
.......g...#
.. ....#...###
... # #...#
...# #.w....


You could see an adder and a hobgoblin.

Vanquished Creatures
  An adder (D:2)
  An ooze (D:1)
  A giant cockroach (D:1)
  6 goblins
  A hobgoblin (D:2)
  3 bats (D:1)
  2 rats (D:1)
15 creatures vanquished.

Notes
Turn   | Place    | Note
-------+----------+-------------------------------------------
     0 | D:1      | Naru the Naga Enchanter began the quest for the Orb.
     0 | D:1      | Reached XP level 1. HP: 15/15 MP: 3/3
   101 | D:1      | Reached XP level 2. HP: 22/22 MP: 5/5
  1098 | D:2      | Reached skill level 5 in Stealth
  1098 | D:2      | Reached XP level 3. HP: 16/30 MP: 4/6
  1105 | D:2      | Slain by an adder

Skill      XL: |  1  2 |
---------------+-------+-----
Stealth        | 5 |  5.1
Fighting       | |  0.8
Short Blades   | |  1.4
Dodging        | |  1.6
Spellcasting   | |  2.0
Hexes          | |  3.3

Action                   || total
-------------------------++-------
Melee: Dagger            ||    52
 Cast: Corona            ||     3
 Abil: Spit Poison       ||     1
  Use: Scroll            ||     4
       Potion            ||     1
 Stab: Sleeping          ||     6
Armor: Robe              ||     1
       Leather armour    ||    11
Dodge: Dodged            ||    29
